 Dungeon Crawl Stone Soup version 0.27.1-1-g398f81649c (webtiles) character file.

Game seed: 4798209638670722655

32 MajorAdolf the Skirmisher (level 3, 0/34 HPs)
             Began as a Naga Wanderer on Sept 12, 2021.
             Killed from afar by Natasha (8 damage)
             ... with a magic dart
             ... on level 2 of the Dungeon.
             The game lasted 00:02:27 (1592 turns).

MajorAdolf the Skirmisher (Naga Wanderer)           Turns: 1592, Time: 00:02:28

Health: 0/34       AC:  2    Str: 15    XL:     3   Next: 27%
Magic:  1/4        EV:  9    Int: 12    God:
Gold:   73         SH:  0    Dex: 10    Spells: 3/4 levels left

rFire    . . .     SeeInvis +   a - +2 spear
rCold    . . .     Faith    .   (no shield)
rNeg     . . .     Spirit   .   b - +0 robe
rPois    +         Reflect  .   (no helmet)
rElec    .         Harm     .   (no cloak)
rCorr    .         Rampage  .   (no gloves)
Will     .....                  (no barding)
Stlth    ++........             (no amulet)
HPRegen  0.11/turn              (no ring)
MPRegen  0.09/turn              (no ring)

@: very slightly contaminated, very slow
A: AC +1, large, see invisible, deformed body, poison resistance, slowness 2,
spit poison 1, naga tail 1
a: Spit Poison


You were on level 2 of the Dungeon.
You visited 1 branch of the dungeon, and saw 2 of its levels.

You collected 73 gold pieces.

Inventory:

Hand Weapons
 a - a +2 spear (weapon)
 c - a +0 dagger
Armour
 b - a +0 robe (worn)
Magical Staves
 e - a staff of poison
Scrolls
 f - a scroll of enchant weapon {unknown}
 g - a scroll of fog {unknown}
 h - a scroll of brand weapon {unknown}
 i - a scroll of torment {unknown}
Potions
 d - a potion of brilliance {unknown}
 j - a potion of heal wounds {unknown}
 k - a potion of curing {unknown}
 l - a potion of attraction {unknown}
 m - a potion of mutation {unknown}


   Skills:
 + Level 3.6 Fighting
 - Level 2.0 Polearms
 - Level 3.0 Stealth
 - Level 1.0 Shields
 - Level 1.0 Spellcasting
 - Level 1.0 Necromancy
 - Level 1.0 Air Magic


You had 3 spell levels left.
You knew the following spells:

 Your Spells              Type           Power      Damage    Failure   Level
a - Sting                 Tmut/Pois      0%         1d3       30%         1

Your spell library contained the following spells:

 Spells                   Type           Power      Damage    Failure   Level
 Poisonous Vapours        Pois/Air       2%         N/A       36%         2
 Call Canine Familiar     Summ           0%         N/A       65%         3
 Ignite Poison            Fire/Tmut/Pois 0%         N/A       65%         3
 Portal Projectile        Hex/Tloc       0%         N/A       65%         3
 Leda's Liquefaction      Hex/Erth       0%         N/A       96%         4
 Olgreb's Toxic Radiance  Pois           0%         N/A       96%         4
 Fireball                 Conj/Fire      0%         3d3       100%        5
 Starburst                Conj/Fire      0%         6d3       100%        6
 Ignition                 Fire           0%         3d3       100%        8


Dungeon Overview and Level Annotations

Branches:
Dungeon (2/15)

Altars:

Annotations:
D:2 Natasha


Innate Abilities, Weirdness & Mutations

Your serpentine skin is tough. (AC +1)
You have supernaturally acute eyesight. (SInv)
Armour fits poorly on your strangely shaped body.
Your system is resistant to poisons. (rPois)
You cover ground very slowly.
You can spit poison.
You have a snake-like lower body.


Message History

Natasha is moderately wounded.
Natasha hisses angrily.
Natasha casts a spell at you. The magic dart hits you!
Natasha wildly gestures.
Natasha glows brightly for a moment.
You see here a +0 hunting sling.
You have got your breath back.
Casting: Sting (safe; 30% risk of failure)
Confirm with . or Enter, or press ? or * to list all spells.
Aiming: Sting (safe; 30% risk of failure)
Press: ? - help, Shift-Dir - straight line, f/p - Natasha
Aim: Natasha (moderately wounded, 55% to hit)
You miscast Sting.
You are very lightly contaminated with residual magic.
Nothing appears to happen.
Natasha stares at you and mumbles some strange words.
The magic dart hits you!
Casting: Sting (safe; 30% risk of failure)
Confirm with . or Enter, or press ? or * to list all spells.
Aiming: Sting (safe; 30% risk of failure)
Press: ? - help, Shift-Dir - straight line, f/p - Natasha
Aim: Natasha (moderately wounded, 55% to hit)
You miscast Sting.
Nothing appears to happen.
Natasha stares at you and mumbles some strange words.
The magic dart hits you!
* * * LOW HITPOINT WARNING * * *
Casting: Sting (safe; 30% risk of failure)
Confirm with . or Enter, or press ? or * to list all spells.
Aiming: Sting (safe; 30% risk of failure)
Press: ? - help, Shift-Dir - straight line, f/p - Natasha
Aim: Natasha (moderately wounded, 55% to hit)
You miscast Sting.
Nothing appears to happen.
Natasha claws you.
* * * LOW HITPOINT WARNING * * *
Unknown command.
You hit Natasha.
Natasha is severely wounded.
Natasha stares at you and mumbles some strange words.
The magic dart hits you!
You die...

#.#
#..###......##.#####.......#
##..
............##.........#####
.############....##.#####...#
.# #..#.##.# #...#
.########## #.##.##.# #...#
.##.......# #.......# #...#
.##.......# ####.########<..#
.##.[.....# #<##..........
.##.......# #@#...h....
..........# #h#........
.##.......######.#.#
.##..............).#
.##.###......###.### .##.#
#.####.# #.# ^...###.####.#
#.# .####.)....# # #.#
...<†.#.##.# ...


You could see Natasha.

Vanquished Creatures
  An adder (D:1)
  2 endoplasms
  A giant cockroach (D:1)
  2 goblins (D:1)
  3 hobgoblins (D:1)
  2 jackals (D:2)
  4 ball pythons
  4 bats
  2 kobolds
  2 rats (D:1)
23 creatures vanquished.

Notes
Turn   | Place    | Note
-------+----------+-------------------------------------------
     0 | D:1      | MajorAdolf the Naga Wanderer began the quest for the Orb.
     0 | D:1      | MajorAdolf set off with the following items: a +2 spear, a
                  | +0 robe, a +0 dagger; and the following spell memorised:
                  | Sting; and the following spells available to memorise:
                  | Ignite Poison
     0 | D:1      | Reached XP level 1. HP: 19/19 MP: 2/2
    87 | D:1      | Found a faded altar of an unknown god.
   402 | D:1      | Reached XP level 2. HP: 27/27 MP: 3/3
  1134 | D:1      | Reached XP level 3. HP: 22/34 MP: 4/4
  1581 | D:2      | Noticed Natasha
  1592 | D:2      | Killed from afar by Natasha

Illustrated notes

Levels and vault maps discovered:
D:1:      dpeg_arrival_three_same_balls, layout_basic,
          hellmonk_ecumenical_altar_pennies_from_heaven, minmay_pentomino_v2
D:2:      layout_loops_cross, uniq_natasha

Skill      XL: |  1  2 |
---------------+-------+-----
Fighting       | 3 |  3.6
Polearms       | |  2.0
Stealth        | |  3.0
Shields        | |  1.0
Spellcasting   | |  1.0
Necromancy     | |  1.0
Air Magic      | |  1.0

Action                   || total
-------------------------++-------
Melee: Spear             ||    60
 Abil: Spit Poison       ||    15
 Stab: Sleeping          ||     3
Armor: Robe              ||    14
Dodge: Dodged            ||    27
